 Dungeon Crawl Stone Soup version 0.24-a0-375-g4de66ed42b (webtiles) character file.

Game seed: 4732450319527991595

24158 Eralyen the Impaler (level 12, -2/113 HPs)
             Began as a Minotaur Berserker on May 31, 2019.
             Was an Elder of Trog.
             Slain by a deep elf knight
             ... wielding a +0 scimitar
              (14 damage)
             ... on level 13 of the Dungeon.
             The game lasted 01:34:01 (12212 turns).

Eralyen the Impaler (Minotaur Berserker)           Turns: 12212, Time: 01:34:03

Health: -2/113     AC: 14    Str: 29    XL:     12   Next: 78%
Magic:  11/11      EV: 12    Int:  4    God:    Trog [****..]
Gold:   775        SH:  5    Dex: 12    Spells: 11/11 levels left

rFire    . . .     SeeInvis .   l - +3 scythe (slice)
rCold    + . .     Gourm    .   (shield currently unavailable)
rNeg     . . .     Faith    .   x - +4 scale mail {rC+}
rPois    .         Spirit   .   (helmet restricted)
rElec    .         Reflect  +   (no cloak)
rCorr    .         Harm     .   (no gloves)
MR       ++...                  (no boots)
Stlth    +.........             L - +5 amulet of reflection
HPRegen  1.28/turn              p - +4 ring of strength
MPRegen  0.12/turn              k - +2 ring of protection

@: regenerating
A: retaliatory headbutt, horns 2
a: Berserk, Trog's Hand, Brothers in Arms, Renounce Religion


You were on level 13 of the Dungeon.
You worshipped Trog.
Trog was greatly pleased with you.
You were hungry.

You visited 1 branch of the dungeon, and saw 13 of its levels.
You also visited: Sewer.

You collected 775 gold pieces.

Inventory:

Hand Weapons
 l - a +3 scythe of slicing (weapon)
 n - the +10 mace "Rigeg" {freeze, rF+ rN+ Str-5 Int+7}
   (You found it on level 5 of the Dungeon)

   It has been specially enchanted to freeze those struck by it, causing extra
   injury to most foes and up to half again as much damage against particularly
   susceptible opponents.
   It can also slow down cold-blooded creatures.
   It affects your strength (-5).
   It affects your intelligence (+7).
   It protects you from fire.
   It protects you from negative energy.
 B - a +5 longbow of velocity
 K - a +3 fustibalus of freezing
Armour
 x - a +4 scale mail of cold resistance (worn)
Jewellery
 a - a +3 ring of dexterity
 i - an uncursed amulet of the gourmand
 k - a +2 ring of protection (right hand)
 p - a +4 ring of strength (left hand)
 q - an uncursed amulet of regeneration
 z - an uncursed ring of protection from fire
 L - a +5 amulet of reflection (around neck)
Wands
 m - a wand of polymorph (14)
 w - a wand of paralysis (14)
 y - a wand of random effects (15)
 C - a wand of flame (14)
Scrolls
 d - 3 scrolls of magic mapping
 f - 4 scrolls of fear
 g - a scroll of brand weapon {unknown}
 h - 8 scrolls of teleportation
 j - 6 scrolls of fog
 r - 2 scrolls of remove curse
 u - a scroll of enchant armour {unknown}
 A - 2 scrolls of acquirement {unknown}
 E - 2 scrolls of amnesia {unknown}
 G - a scroll of summoning {unknown}
 H - 2 scrolls of identify
 I - a scroll of enchant weapon {unknown}
 J - a scroll of torment {unknown}
Potions
 b - 3 potions of heal wounds
 e - 3 potions of lignification
 o - 3 potions of haste
 s - 3 potions of cancellation
 t - 2 potions of curing
 v - 7 potions of flight
 D - 3 potions of brilliance
 F - 2 potions of ambrosia
 M - 2 potions of mutation
Comestibles
 c - 24 rations
 N - 20 chunks of flesh


   Skills:
 + Level 12.5 Fighting
   Level 6.4(13.5) Axes
 + Level 0.5(4.0) Maces & Flails
 + Level 18.1(18.4) Polearms
 + Level 9.7 Armour
 - Level 4.0 Dodging
 - Level 2.1 Stealth


You had 11 spell levels left.
You didn't know any spells.
Your spell library was empty.

Dungeon Overview and Level Annotations

Branches:
Dungeon (13/15)            Temple (0/1) D:6            Lair (0/6) D:9
    Orc (0/2) D:9
 Vaults: D:13-14

Altars:
Ashenzari
Elyvilon
Kikubaaqudgha
Makhleb
Okawaru
Ru
The Shining One
Beogh

Shops:
D:6 *   D:11 (   D:12 }

Annotations:
D:5 1 runed translucent door


Innate Abilities, Weirdness & Mutations

You reflexively headbutt those who attack you in melee.
You have a pair of horns on your head.


Message History

You hear some strange, mumbled words.
A shard of ice appears from out of thin air!
The shard of ice misses you. Something hits you but does no damage.
Attack whom?
Press: ? - help, Dir - move target cursor, f/p - two-headed ogre
Aim: a two-headed ogre, wielding two +0 giant spiked clubs (heavily wounded)
You reach to attack!
You hit the two-headed ogre.
The two-headed ogre is heavily wounded.
Something hits you!
* * * LOW HITPOINT WARNING * * *
Your scale mail prevents you from hitting something.
You headbutt something. Something hits you.
* * * LOW HITPOINT WARNING * * *
You hit something but do no damage. Your headbutt misses something.
You hear some strange, mumbled words.
A shard of ice appears from out of thin air!
The shard of ice hits you! You partially resist.
* * * LOW HITPOINT WARNING * * *
Something hits you!
You die...

.>.# #..######...)÷.)...
#..####
##....†)...##.######
#.....## #.....#######...
.#.....#######.###...#
##### .......÷#....###
###.### #...........)#
#...# #............####
###.#
#............)..######.##
........#....#..@{O.##..#
........#>.#######))#####
..>.....#..# .. #))#
.#......#..# .##).#
......#....# #.#.(# ..##
#.###.c##.#.)#.##. #.
#...(.....o# #.
###.#..#.### ..........


You could see a two-headed ogre.

Vanquished Creatures
  Frances (D:13)
  An ogre mage (D:13)
  A hydra (D:13)
  A centaur warrior (D:13)
  A two-headed ogre (D:10)
  The ghost of aloneDruid the Cleaver, a novice MiFi of Makhleb (D:8)
  An unseen horror (D:13)
  An orc knight (D:13)
  A wolf spider zombie (D:13)
  An ugly thing (D:13)
  2 deep elf magi (D:13)
  A cyclops (D:12)
  A gargoyle (D:12)
  2 centaur skeletons
  A meliai (D:13)
  3 trolls
  A hornet (D:9)
  3 slime creatures (D:11)
  4 hippogriffs
  Sigmund (D:2)
  A vampire (D:13)
  Eustachio (D:4)
  6 yaks
  A wyvern (D:9)
  A basilisk (D:13)
  Grum (D:9)
  4 vampire mosquitoes (D:12)
  5 hungry ghosts
  Menkaure (D:6)
  A soldier ant (D:10)
  Duvessa (D:7)
  4 porcupines (D:9)
  An ice beast (D:5)
  5 orc warriors
  4 sky beasts
  4 black bears
  5 phantoms
  A hornet zombie (D:13)
  9 ogres
  A boggart (D:13)
  2 eyes of draining (D:13)
  2 wolves (D:9)
  7 centaurs
  2 crocodiles
  2 big kobolds
  10 bullfrogs
  A wyvern zombie (D:13)
  Dowan (D:7)
  2 wyvern skeletons
  8 scorpions
  12 killer bees
  7 wights
  3 howler monkeys
  8 crimson imps
  2 bullfrog zombies
  5 jellies
  3 bullfrog skeletons
  5 centaur zombies
  6 orc priests
  Crazy Yiuf (D:7)
  6 hounds
  13 orc wizards
  9 iguanas
  Terence (D:2)
  19 worker ants
  Ijyb (D:5)
  A hound zombie (D:5)
  2 hound skeletons (D:4)
  3 worker ant zombies
  4 gnolls
  13 adders
  2 shadow imps
  A white imp (D:4)
  2 oozes
  An adder zombie (D:5)
  3 worms (D:2)
  2 dart slugs
  13 leopard geckos
  69 orcs
  6 ball pythons
  9 giant cockroaches
  10 hobgoblins
  11 jackals
  5 quokkas
  15 bats
  7 frilled lizards
  A giant cockroach zombie (D:6)
  10 goblins
  2 goblin zombies (D:4)
  2 hobgoblin zombies (D:4)
  13 kobolds
  3 kobold skeletons (D:4)
  2 orc skeletons (D:4)
  2 orc zombies (D:4)
  8 rats
446 creatures vanquished.

Vanquished Creatures (collateral kills)
  An ugly thing (D:12)
  A cyclops (D:12)
  A manticore (D:12)
  Psyche (D:11)
  A hippogriff (D:13)
  A water moccasin (D:11)
  2 orc warriors
  A centaur (D:13)
  4 killer bees (D:13)
  A howler monkey (D:10)
  A crimson imp (D:13)
  An orc priest (D:12)
  2 orc wizards (D:13)
  2 adders (D:10)
  3 orcs (D:12)
23 creatures vanquished.

Vanquished Creatures (others)
  26 fungi (D:9)
26 creatures vanquished.

Grand Total: 495 creatures vanquished

Notes
Turn   | Place    | Note
-------+----------+-------------------------------------------
     0 | D:1      | Eralyen the Minotaur Berserker began the quest for the Orb.
     0 | D:1      | Reached XP level 1. HP: 19/19 MP: 0/0
   219 | D:1      | Reached XP level 2. HP: 27/27 MP: 1/1
   673 | D:1      | Found an iron altar of Okawaru.
  1047 | D:2      | Reached XP level 3. HP: 33/33 MP: 2/2
  1130 | D:2      | Reached ** piety under Trog
  1354 | D:2      | Found a white marble altar of Elyvilon.
  1707 | D:2      | Noticed Sigmund
  1713 | D:2      | Killed Sigmund
  1713 | D:2      | Reached skill level 5 in Fighting
  1713 | D:2      | Reached skill level 1 in Stealth
  1713 | D:2      | Reached XP level 4. HP: 42/42 MP: 3/3
  1713 | D:2      | Reached XP level 5. HP: 48/48 MP: 4/4
  1796 | D:2      | Noticed Terence
  1797 | D:2      | Killed Terence
  2214 | D:3      | Reached skill level 1 in Polearms
  2214 | D:3      | Reached XP level 6. HP: 51/56 MP: 5/5
  2449 | D:3      | Reached skill level 2 in Polearms
  2537 | D:3      | Reached *** piety under Trog
  2704 | D:4      | Found a glowing golden altar of the Shining One.
  2877 | D:4      | Noticed Eustachio
  2880 | D:4      | Reached skill level 3 in Polearms
  2909 | D:4      | Killed Eustachio
  2909 | D:4      | Reached skill level 4 in Polearms
  2909 | D:4      | Reached XP level 7. HP: 55/61 MP: 6/6
  2962 | D:4      | Found a shattered altar of Ashenzari.
  3100 | D:4      | Reached skill level 5 in Polearms
  3642 | D:5      | Entered Level 5 of the Dungeon
  3649 | D:5      | Reached skill level 6 in Polearms
  3680 | D:5      | Found a glowing drain.
  3691 | Sewer    | Entered a sewer
  3695 | Sewer    | Reached **** piety under Trog
  4050 | D:5      | Noticed Ijyb
  4056 | D:5      | Paralysed by Ijyb for 4 turns
  4070 | D:5      | Killed Ijyb
  4172 | D:5      | Found a runed translucent door.
  4175 | D:5      | Found a runed translucent door.
  4194 | D:5      | Reached skill level 7 in Polearms
  4194 | D:5      | Reached XP level 8. HP: 70/70 MP: 7/7
  4258 | D:5      | Got a faintly glowing mace
  4259 | D:5      | Identified the +10 mace "Rigeg" {freeze, rF+ rN+ Str-5
                  | Int+7} (You found it on level 5 of the Dungeon)
  4332 | D:5      | Reached skill level 8 in Polearms
  4661 | D:6      | Noticed Menkaure
  4691 | D:6      | Killed Menkaure
  4691 | D:6      | Reached skill level 5 in Armour
  4998 | D:6      | Found a staircase to the Ecumenical Temple.
  5002 | D:6      | Found Oshi Yna's General Store.
  5148 | D:6      | Reached skill level 9 in Polearms
  5418 | D:6      | Reached ***** piety under Trog
  5418 | D:6      | Reached XP level 9. HP: 74/79 MP: 8/8
  5775 | D:7      | Reached skill level 10 in Polearms
  5865 | D:7      | Noticed Duvessa
  5865 | D:7      | Noticed Dowan
  5882 | D:7      | Killed Duvessa
  5885 | D:7      | Killed Dowan
  6072 | D:7      | Found a runed translucent door.
  6073 | D:7      | Noticed Crazy Yiuf
  6563 | D:7      | Killed Crazy Yiuf
  6642 | D:5      | Reached skill level 11 in Polearms
  6845 | D:8      | Received a gift from Trog
  6930 | D:8      | Found a burning altar of Makhleb.
  6930 | D:8      | Found an ancient bone altar of Kikubaaqudgha.
  7023 | D:8      | Reached XP level 10. HP: 90/90 MP: 9/9
  7062 | D:8      | Found a runed translucent gate.
  7062 | D:8      | Found a runed translucent gate.
  7062 | D:8      | Found a runed translucent gate.
  7062 | D:8      | Noticed aloneDruid's ghost (novice MiFi)
  7094 | D:8      | Killed aloneDruid's ghost
  7094 | D:8      | Reached skill level 12 in Polearms
  7340 | D:9      | Found a staircase to the Lair.
  7420 | D:9      | Noticed Grum
  7436 | D:9      | Killed Grum
  7436 | D:9      | Reached skill level 13 in Polearms
  7559 | D:9      | Found a roughly hewn altar of Beogh.
  7559 | D:9      | Found a staircase to the Orcish Mines.
  8193 | D:9      | Found an iron altar of Okawaru.
  8365 | D:10     | Entered Level 10 of the Dungeon
  8365 | D:10     | Noticed a two-headed ogre
  8371 | D:10     | Killed a two-headed ogre
  8371 | D:10     | Reached skill level 10 in Fighting
  8371 | D:10     | Reached skill level 14 in Polearms
  8474 | D:10     | Reached XP level 11. HP: 94/99 MP: 10/10
  9426 | D:11     | Found Zol Cot's Weapon Shoppe.
  9516 | D:11     | Reached ****** piety under Trog
  9516 | D:11     | Reached skill level 15 in Polearms
  9625 | D:11     | Received a gift from Trog
  9839 | D:11     | Noticed Psyche
  9870 | D:11     | Killed Psyche
 10274 | D:12     | Reached skill level 16 in Polearms
 10537 | D:12     | Noticed a green ugly thing
 10546 | D:12     | Killed a green ugly thing
 10552 | D:12     | Found Zotoor's Gadget Shoppe.
 10553 | D:12     | Reached XP level 12. HP: 99/110 MP: 11/11
 10947 | D:12     | Found a sacrificial altar of Ru.
 11536 | D:13     | Noticed a centaur warrior
 11539 | D:13     | Killed a centaur warrior
 11539 | D:13     | Reached skill level 17 in Polearms
 11541 | D:13     | Noticed an eight-headed hydra
 11566 | D:13     | Killed a ten-headed hydra
 12103 | D:13     | Noticed an ogre mage
 12105 | D:13     | Noticed Frances
 12124 | D:13     | Killed Frances
 12124 | D:13     | Reached skill level 18 in Polearms
 12126 | D:13     | Killed an ogre mage
 12194 | D:13     | Noticed a two-headed ogre
 12212 | D:13     | Slain by a deep elf knight

Levels and vault maps discovered:
D:1:      dpeg_chamrin_arrival_tetris, layout_basic, serial_bayou,
          serial_bayou_crossing, serial_bayou_ford_a, serial_bayou_pond_a,
          serial_bayou_pond_b, st_stairs_12, kennysheep_flooded_box
D:2:      layout_loops_corners, elyvilon_altar_1, first_ration, uniq_terence,
          uniq_sigmund
D:3:      layout_rooms
D:4:      layout_loops_ring, lemuel_round_altar, nicolae_tso_besieged_by_evil,
          uniq_eustachio
D:5:      lemuel_insect_pit, layout_rooms, gup_sewer_entry_pipe, uniq_ijyb
D:6:      layout_loops_corners, minmay_temple_entry_glass, serial_shops, shop,
          uniq_menkaure
D:7:      layout_loops_corners, uniq_crazy_yiuf_cottage, uniq_duvessa
D:8:      layout_rooms, gammafunk_temple_overflow_statue, gammafunk_ghost_split
D:9:      layout_roguey, due_lair_maze_entry_diamond, david_orc_5,
          blue_anna_alchemist [blue_anna_fruit_fields, blue_anna_fruit_fields],
          okawaru_altar_gauntlet_db, uniq_grum
D:10:     layout_basic, serial_co_window_serial, co_window_paths_a,
          co_window_corner_a, co_window_paths_b, co_window_of_opportunity_a,
          co_window_corner_a, co_window_paths_c, co_window_paths_c,
          co_window_cross_3, co_window_4corner_a
D:11:     layout_cross, serial_shops, nicolae_shop_stone, minmay_bent,
          uniq_psyche
D:12:     layout_basic, serial_shops, shop, mrwooster_statue_mirror,
          nicolae_ru_path_of_blood
D:13:     minmay_tearing_corner, layout_rooms,
          hangedman_vaults_entry_quadrant_bands, minmay_pinched_square,
          uniq_erolcha, uniq_frances

Skill      XL: |  1  2  3  4  5  6  7  8  9 10 11 12 |
---------------+-------------------------------------+-----
Axes           | 4 6 |  6.4
Fighting       | 4 5 6 7 8 10 11 12 | 12.5
Armour         | 3 4 5 6 7 8 9 |  9.7
Stealth        | 1 2 |  2.1
Polearms       | 1 4 7 9 11 14 16 18 | 18.1
Dodging        | 3 4 |  4.0
Maces & Flails | |  0.5

Action                   |  1- 3 |  4- 6 |  7- 9 | 10-12 || total
-------------------------+-------+-------+-------+-------++-------
Melee: Hand axe          |    96 |       |       |       ||    96
       Headbutt          |    14 |     8 |    35 |    91 ||   148
       Scythe            |       |   111 |   264 |   574 ||   949
       Mace              |       |       |     6 |       ||     6
Invok: Berserk           |     1 |       |     1 |     3 ||     5
       Brothers in Arms  |       |       |       |    11 ||    11
       Trog's Hand       |       |       |       |     6 ||     6
  Use: Scroll            |     9 |     3 |     6 |     6 ||    24
       Potion            |       |       |       |     1 ||     1
  Eat: Chunk             |     3 |    18 |     9 |    27 ||    57
       Ration            |       |       |       |     1 ||     1
Armor: Leather armour    |    15 |     1 |       |       ||    16
       Animal skin       |     5 |       |       |       ||     5
       Chain mail        |       |    71 |    37 |       ||   108
       Scale mail        |       |       |    73 |   208 ||   281
Dodge: Dodged            |    52 |    56 |   132 |   274 ||   514
Block: Other             |       |       |       |    36 ||    36
       Reflection        |       |       |       |     2 ||     2

Table legend:
 A = Non-vault XP
 B = Vault XP
 C = Vault XP percentage of total XP
 D = Non-vault monster count
 E = Vault monster count
 F = Vault count percentage of total count
                 A         B        C        D         E       F
            +---------+---------+-------+---------+---------+-------
      Total |   20837 |   13675 |  39.6 |     331 |     138 |  29.4
            +---------+---------+-------+---------+---------+-------
        D:1 |      28 |      11 |  28.2 |      13 |       6 |  31.6
        D:2 |      62 |     248 |  80.0 |      26 |       2 |   7.1
        D:3 |     166 |       0 |   0.0 |      31 |       0 |   0.0
        D:4 |     353 |     223 |  38.7 |      13 |      13 |  50.0
        D:5 |     823 |     355 |  30.1 |      24 |      14 |  36.8
        D:6 |     768 |     172 |  18.3 |      19 |       1 |   5.0
        D:7 |    1147 |     263 |  18.7 |      14 |       3 |  17.6
        D:8 |    1113 |     863 |  43.7 |      15 |       4 |  21.1
        D:9 |    1297 |    2338 |  64.3 |      29 |      42 |  59.2
       D:10 |    3558 |       0 |   0.0 |      48 |       0 |   0.0
       D:11 |    3849 |     700 |  15.4 |      32 |       6 |  15.8
       D:12 |    4632 |       0 |   0.0 |      38 |       0 |   0.0
       D:13 |    3041 |    8474 |  73.6 |      29 |      30 |  50.8
      Sewer |       0 |      28 | 100.0 |       0 |      17 | 100.0
            +---------+---------+-------+---------+---------+-------
